 Dungeon Sprint DCSS version 0.18.1-48-g4cf74bf (webtiles) character file.

104 DarthKuruptios the Nimble (level 4, -18/25 HPs)
             Began as a Felid Berserker on Aug 29, 2016.
             Was a Believer of Trog.
             Killed from afar by Nouvoig the pandemonium lord (43 damage)
             ... with an orb of electricity
             ... in the Dungeon (Sprint V: "Ziggurat Sprint").
             The game lasted 00:04:10 (320 turns).

DarthKuruptios the Nimble (Felid Berserker)          Turns: 320, Time: 00:04:10

Health: -18/25     AC:  1    Str: 13    XL:     4   Next: 52%
Magic:  5/5        EV: 25    Int:  8    God:    Trog [**....]
Gold:   0          SH:  0    Dex: 17    Spells: 0 memorised, 3 levels left
                                        Lives:  0   Deaths: 1

rFire  . . .     SeeInvis +       - Unarmed
rCold  . . .     Gourm    .     (armour unavailable)
rNeg   . . .     Faith    .     (shield unavailable)
rPois  .         Spirit   .     (helmet unavailable)
rElec  .         Dismiss  .     (cloak unavailable)
rCorr  .         Reflect  .     (gloves unavailable)
SustAt .         Harm     .     (boots unavailable)
MR     .....     NoTele   +     (no amulet)
Stlth  ++........               (no ring)
                                (no ring)

@: quick, not resistant to hostile enchantments, unstealthy
A: no armour, no weapons or thrown items, claws 1, fangs 3, see invisible,
carnivore 3, speed 1, shaggy fur 1, slow metabolism 1, sharp paws
a: Berserk, Trog's Hand, Burn Spellbooks, Renounce Religion


You were in the Dungeon.
You worshipped Trog.
Trog was pleased with you.
You were not hungry.

You visited 1 branch

Inventory:

Jewellery
 r - a +6 ring of dexterity
 s - a +6 ring of dexterity
 t - a +6 ring of intelligence
 u - a +6 ring of intelligence
 v - a +6 ring of strength
 w - a +6 ring of strength
Wands
 n - a wand of disintegration (7/24)
 o - a wand of iceblast (5/15)
 p - a wand of lightning (5/15)
 q - a wand of acid (5/15)
Scrolls
 g - 4 scrolls of blinking
 y - 3 scrolls of recharging
 z - 7 scrolls of fog
 A - a scroll of holy word
 B - 5 scrolls of identify
 C - 5 scrolls of remove curse
 D - 2 scrolls of fear
Potions
 b - 10 potions of curing
 c - 7 potions of heal wounds
 d - 6 potions of haste
 e - 7 potions of magic
 f - 3 potions of berserk rage
 h - 2 potions of brilliance
 i - 2 potions of invisibility
 j - 4 potions of resistance
 k - a potion of experience
 l - 5 potions of agility
 m - 5 potions of might
Miscellaneous
 x - a disc of storms
Comestibles
 a - 5 meat rations


   Skills:
 + Level 7.3 Fighting
 + Level 9.7 Dodging
 + Level 7.1 Unarmed Combat


You had 3 spell levels left.
You didn't know any spells.

Dungeon Overview and Level Annotations

Branches:
Dungeon (1/1)

Altars:
Ashenzari
Cheibriados
Dithmenos
Elyvilon
Fedhas
Gozag
Kikubaaqudgha
Makhleb
Nemelex Xobeh
Okawaru
Pakellas
Qazlal
Ru
Sif Muna
Trog
Vehumet
Xom
Yredelemnul
Zin
The Shining One
Beogh
Jiyva
Lugonu


Innate Abilities, Weirdness & Mutations

You cannot wear armour.
You are incapable of wielding weapons or throwing items.
You have sharp claws.
You have razor-sharp teeth.
You have supernaturally acute eyesight.
You are carnivorous and can eat meat at any time.
You cover ground quickly.
You are covered in fur (AC +1).
You have a slow metabolism.
Your sharp claws are effective at attacking unaware monsters.


Message History

You scratch the yaktaur. Your bite misses the yaktaur.
The yaktaur is almost dead.
The centaur closely misses you.
The centaur hits you with an uncursed staff of fire.
The centaur burns you! The yaktaur hits you!
You die...
The yaktaur completely misses you. The centaur completely misses you.
The centaur misses you.
You are now level 4!
You rejoin the land of the living...
Okay, then. 2 demonspawn, an orange demon, a chaos spawn, a soul eater and 2 pandemonium lords come into view.
The chaos spawn roars!
Itoxkun whispers, "I shall feast on thy eyes!"
The orange demon screeches!
The putrid blood saint shouts!
Nouvoig breathes, "Get thee hence, thou artless hedge-born boar-pig!"
Nouvoig gestures at you.
The orb of electricity explodes!
The orb of electricity engulfs you!
Ouch! That really hurt!
You die...

▓.=...▓.[)|
▓..33&466&..▓▓..%..▓..o.
▓...........▓▓.....▓.o).
▓...........▓▓.ccc.▓....
▓...........▓▓..(c.▓....
▓ ..........▓▓((((.▓....
..▓.....▓..▓▓▓▓▓▓▓▓▓▓▓▓
▓.▓...▓.▓.▓
▓..▓...@.▓..▓
▓...........▓
▓▓▓▓▓▓▓▓▓▓▓▓▓


You could see Itoxkun, Nouvoig, an infernal chaos champion (wandering), a putrid
blood saint, a soul eater (wandering), an orange demon and a chaos spawn.

Vanquished Creatures
  A tarantella (D)
  A scorpion (D)
  An orc (D)
3 creatures vanquished.

Notes
Turn   | Place    | Note
--------------------------------------------------------------
     0 | D        | DarthKuruptios the Felid Berserker began the quest for the Orb.
     0 | D        | Reached XP level 1. HP: 10/10 MP: 2/2
     0 | D        | Found an iron altar of Okawaru.
     0 | D        | Found a burning altar of Makhleb.
     0 | D        | Found a radiant altar of Vehumet.
     0 | D        | Found a deep blue altar of Sif Muna.
     0 | D        | Found a shimmering altar of Xom.
     0 | D        | Found a bloodstained altar of Trog.
     1 | D        | Found a roughly hewn altar of Beogh.
     1 | D        | Found a viscous altar of Jiyva.
     1 | D        | Found a corrupted altar of Lugonu.
     1 | D        | Found a white marble altar of Elyvilon.
     1 | D        | Found a sparkling altar of Nemelex Xobeh.
    34 | D        | Entered arena 1.
    34 | D        | Noticed a scorpion
    34 | D        | Noticed a tarantella
    41 | D        | Killed a tarantella
    41 | D        | Reached skill level 9 in Dodging
    41 | D        | Reached XP level 2. HP: 15/17 MP: 3/3
    41 | D        | Reached XP level 3. HP: 18/21 MP: 4/4
    41 | D        | Reached XP level 4. HP: 21/24 MP: 5/5
    41 | D        | Reached XP level 5. HP: 25/28 MP: 6/6
    43 | D        | Reached ** piety under Trog
   296 | D        | Entered arena 2.
   306 | D        | Entered arena 3.
   306 | D        | Noticed a yaktaur
   306 | D        | Noticed a centaur
   306 | D        | Noticed a centaur
   306 | D        | Noticed a yaktaur
   316 | D        | Slain by a yaktaur
   317 | D        | Reached XP level 4. HP: 0/25 MP: 5/5
   320 | D        | Noticed a soul eater
   320 | D        | Noticed a chaos spawn
   320 | D        | Noticed Itoxkun the pandemonium lord
   320 | D        | Noticed an orange demon
   320 | D        | Noticed an infernal chaos champion
   320 | D        | Noticed a putrid blood saint
   320 | D        | Noticed Nouvoig the pandemonium lord
   320 | D        | Killed from afar by Nouvoig the pandemonium lord

Skill      XL: |  1  2  3  4  5 |
---------------+----------------+-----
Fighting       | 6 7 |  7.3
Dodging        | 9 |  9.7
Unarmed Combat | 6 7 |  7.1

Action                   |  1- 3 |  4- 6 || total
-------------------------+-------+-------++-------
Melee: Unarmed           |     5 |     9 ||    14
       Bite              |     2 |     3 ||     5
       Punch             |     1 |     1 ||     2
Invok: Berserk           |     1 |     1 ||     2
       Trog's Hand       |       |     2 ||     2
  Use: Potion            |       |     3 ||     3
Dodge: Dodged            |     8 |    42 ||    50
